 Dungeon Crawl Stone Soup version 0.24-a0-630-g0d56a851f4 (webtiles) character file.

Game seed: 12145409804568919748, levelgen mode: deterministic

1631 Ijustatesigmund the Chopper (level 8, -8/69 HPs)
             Began as a Minotaur Monk on Sept 20, 2019.
             Was a Priest of Cheibriados.
             Mangled by an orc warrior
             ... wielding a +0 mace of holy wrath
              (9 damage)
             ... on level 6 of the Dungeon.
             The game lasted 00:08:59 (5524 turns).

Ijustatesigmund the Chopper (Minotaur Monk)         Turns: 5524, Time: 00:08:59

Health: -8/69      AC:  7    Str: 23    XL:     8   Next: 65%
Magic:  8/9        EV: 25    Int: 16    God:    Cheibriados [***...]
Gold:   321        SH:  0    Dex: 27    Spells: 7/7 levels left

rFire    + . .     SeeInvis .   a - +0 hand axe
rCold    . . .     Gourm    .   (no shield)
rNeg     . . .     Faith    .   b - +1 ring mail {rF+}
rPois    .         Spirit   .   (helmet unavailable)
rElec    .         Reflect  .   (no cloak)
rCorr    .         Harm     .   (no gloves)
MR       .....                  (no boots)
Stlth    +++.......             (no amulet)
HPRegen  0.21/turn              (no ring)
MPRegen  0.11/turn              (no ring)

@: agile, very slow
A: retaliatory headbutt, horns 3, repulsion field 1, clever 1, low mp 1
a: Bend Time, Temporal Distortion, Renounce Religion


You were on level 6 of the Dungeon.
You worshipped Cheibriados.
Cheibriados was most pleased with you.
You were very hungry.

You visited 2 branches of the dungeon, and saw 7 of its levels.

You collected 321 gold pieces.

Inventory:

Hand Weapons
 a - a +0 hand axe (weapon)
Armour
 b - a +1 ring mail of fire resistance (worn)
 g - a cursed +0 ring mail
Scrolls
 d - 3 scrolls of identify
Potions
 f - 3 potions of brilliance
Comestibles
 c - 7 rations


   Skills:
 - Level 5.4 Fighting
 - Level 6.8 Axes
 + Level 6.4 Armour
 + Level 6.8 Dodging
 - Level 1.5 Stealth
 + Level 4.8 Invocations


You had 7 spell levels left.
You didn't know any spells.
Your spell library contained the following spells:

 Spells                   Type           Power        Failure   Level  Hunger
 Corona                   Hex            #......      36%         1    ##.....
 Ensorcelled Hibernation  Hex/Ice        #.....       50%         2    ###....
 Confuse                  Hex            #.......     75%         3    ####...
 Dazzling Spray           Conj/Hex       #.....       75%         3    ####...
 Tukima's Dance           Hex            #.......     75%         3    ####...


Dungeon Overview and Level Annotations

Branches:
Dungeon (6/15)             Temple (1/1) D:4

Altars:
Cheibriados
Dithmenos
Elyvilon
Fedhas
Hepliaklqana
Kikubaaqudgha
Makhleb
Okawaru
Qazlal
Sif Muna
Trog
Uskayaw
Vehumet
Wu Jian
Xom
Yredelemnul
Zin
The Shining One
Beogh

Shops:
D:5 %

Annotations:
D:5 3 runed translucent doors, Jorund's ghost, novice OpEE


Innate Abilities, Weirdness & Mutations

You reflexively headbutt those who attack you in melee.
You have a pair of large horns on your head.
You are surrounded by a mild repulsion field. (EV +2)
Your mind is acute. (Int +2)
Your magical capacity is low. (-10% MP)


Message History

You slash the orc priest! You headbutt the orc priest.
The orc priest is severely wounded.
You hit the orc. You hit the orc warrior. The orc priest completely misses you.
You furiously retaliate!
You headbutt the orc priest!
You kill the orc priest!
Cheibriados thoroughly appreciates the change of pace.
The orc warrior hits you with a +0 mace of holy wrath!!
* * * LOW HITPOINT WARNING * * *
Okay, then.
The orc misses you. You furiously retaliate!
You headbutt the orc.
You kill the orc!
Cheibriados appreciates the change of pace.
The orc warrior is no longer moving slowly.
You are feeling very hungry.
The orc warrior hits you with a +0 mace of holy wrath!
* * * LOW HITPOINT WARNING * * *
You barely miss the orc warrior.
The orc warrior is lightly wounded.
The orc warrior hits you with a +0 mace of holy wrath!
You die...

#................[#.## ######
##..####.#.######(.#.#. ......
...# #.#.# #..#'#.
###...#####.####.#.# #......
...............#.#.# #......
........#.#.#......######......
.......)#.#.#..#.#.............
........#.#.#.o#.#.######......
###.........#.@#.#.# #......
##..)..####..#.#.# #......
+...........#.#.# #(##+#.
#...#######.#.#.. .... #. #...
..#.#.. ###.# #. #... .<# ...
... #... ..# # #... #... ...#
###. ..


You could see an orc warrior.

Vanquished Creatures
  Pikel (D:6)
  Sigmund (D:6)
  A sky beast (D:5)
  3 slaves (D:6)
  An ogre (D:5)
  A centaur (D:5)
  A scorpion (D:4)
  A crimson imp (D:5)
  2 hounds (D:4)
  3 jellies (D:5)
  4 orc priests
  A bullfrog skeleton (D:4)
  A centaur skeleton (D:6)
  2 iguanas (D:5)
  4 worker ants
  2 hound skeletons
  4 gnolls (D:3)
  7 adders
  A shadow imp (D:5)
  2 oozes (D:3)
  An adder zombie (D:5)
  4 worms
  2 dart slugs
  6 leopard geckos
  8 orcs
  6 giant cockroaches
  7 goblins
  5 hobgoblins
  3 jackals (D:4)
  A quokka (D:2)
  A ball python (D:1)
  A ball python zombie (D:6)
  4 bats
  6 frilled lizards
  11 kobolds
  2 leopard gecko skeletons
  A quokka skeleton (D:4)
  A quokka zombie (D:5)
  7 rats
  A butterfly (D:4)
121 creatures vanquished.

Vanquished Creatures (others)
  A slave (D:6)
1 creature vanquished.

Grand Total: 122 creatures vanquished

Notes
Turn   | Place    | Note
-------+----------+-------------------------------------------
     0 | D:1      | Ijustatesigmund the Minotaur Monk began the quest for the
                  | Orb.
     0 | D:1      | Reached XP level 1. HP: 19/19 MP: 0/0
   179 | D:1      | Reached XP level 2. HP: 27/27 MP: 1/1
  1202 | D:2      | Found a bloodstained altar of Trog.
  1223 | D:2      | Reached XP level 3. HP: 21/33 MP: 2/2
  1328 | D:2      | Reached skill level 5 in Axes
  1656 | D:2      | Reached XP level 4. HP: 27/41 MP: 3/3
  2319 | D:3      | Reached XP level 5. HP: 36/47 MP: 4/4
  2323 | D:3      | Reached skill level 5 in Fighting
  3046 | D:4      | Reached XP level 6. HP: 46/56 MP: 5/5
  3165 | D:4      | Reached skill level 1 in Armour
  3188 | D:4      | Found a glowing silver altar of Zin.
  3266 | D:4      | Found a staircase to the Ecumenical Temple.
  3275 | Temple   | Entered the Ecumenical Temple
  3347 | Temple   | Became a worshipper of Cheibriados the Contemplative
  3347 | Temple   | Reached * piety under Cheibriados
  3347 | Temple   | Reached ** piety under Cheibriados
  3445 | D:4      | Found a stormy altar of Qazlal.
  3445 | D:4      | Found a shadowy altar of Dithmenos.
  3756 | D:4      | Reached skill level 1 in Invocations
  4002 | D:5      | Entered Level 5 of the Dungeon
  4021 | D:5      | Found a runed translucent gate.
  4059 | D:5      | Reached XP level 7. HP: 43/61 MP: 7/7
  4330 | D:5      | Found a burning altar of Makhleb.
  4331 | D:5      | Found a radiant altar of Vehumet.
  4337 | D:5      | Reached skill level 5 in Dodging
  4693 | D:5      | Found a runed translucent gate.
  4693 | D:5      | Found a runed translucent gate.
  4694 | D:5      | Identified the +4 ring mail "Tinot" {-Tele +Fly rF- rCorr}
  4694 | D:5      | Noticed Jorund's ghost (novice OpEE)
  4696 | D:5      | Found a roughly hewn altar of Beogh.
  4799 | D:5      | Found Kego's Food Shoppe.
  4850 | D:5      | Reached *** piety under Cheibriados
  4852 | D:5      | Found a shimmering altar of Xom.
  5031 | D:6      | Noticed Sigmund
  5043 | D:6      | Killed Sigmund
  5043 | D:6      | Reached skill level 5 in Armour
  5043 | D:6      | Reached XP level 8. HP: 61/69 MP: 9/9
  5117 | D:6      | Found a glowing golden altar of the Shining One.
  5191 | D:6      | Noticed Pikel
  5212 | D:6      | Killed Pikel
  5507 | D:6      | Gained mutation: Your mind is acute. (Int +2) [potion of
                  | mutation]
  5507 | D:6      | Gained mutation: Your magical capacity is low. (-10% MP)
                  | [potion of mutation]
  5507 | D:6      | Gained mutation: You are surrounded by a mild repulsion
                  | field. (EV +2) [potion of mutation]
  5507 | D:6      | Gained mutation: You have a pair of large horns on your
                  | head. [potion of mutation]
  5522 | D:6      | HP: 1/69 [orc warrior/+0 mace of holy wrath (9)]
  5524 | D:6      | Mangled by an orc warrior

Levels and vault maps discovered:
D:1:      kennysheep_arrival_forest, layout_basic, serial_rivers,
          chequers_serial_rivers_micro_b, chequers_serial_rivers_small_a,
          chequers_serial_rivers_micro_a, chequers_serial_rivers_small_b,
          chequers_serial_rivers_micro_a
D:2:      layout_basic, trog_hazing_becter
D:3:      layout_basic, first_ration, moated_statue
D:4:      layout_gridville, gammafunk_temple_overflow_wave,
          lemuel_crystal_altar, minmay_temple_entry_butterflies
D:5:      layout_basic, grunt_temple_overflow_lords_of_destruction,
          biasface_ghost_orc_armoury, serial_shops, nicolae_shop_statue_plus,
          dk_xom_monty_hall
D:6:      black_bear_nest_1, layout_basic, nicolae_tso_carved_into_rock,
          uniq_edmund, uniq_duvessa, uniq_pikel, uniq_sigmund
Temple:   dshaligram_water_room_temple

Skill      XL: |  1  2  3  4  5  6  7  8 |
---------------+-------------------------+-----
Axes           | 4 5 6 |  6.8
Fighting       | 4 5 |  5.4
Armour         | 3 5 6 |  6.4
Dodging        | 4 5 6 |  6.8
Invocations    | 1 3 4 |  4.8
Stealth        | |  1.5

Action                   |  1- 3 |  4- 6 |  7- 9 || total
-------------------------+-------+-------+-------++-------
Melee: Hand axe          |    74 |   164 |    68 ||   306
       Headbutt          |     6 |    25 |    22 ||    53
Invok: Bend Time         |       |       |     1 ||     1
  Use: Scroll            |       |    16 |       ||    16
       Potion            |       |     3 |     7 ||    10
 Stab: Sleeping          |     6 |       |     1 ||     7
       Invisible         |       |       |     1 ||     1
  Eat: Chunk             |     2 |     7 |     1 ||    10
Armor: Robe              |    11 |     3 |       ||    14
       Ring mail         |       |    32 |    17 ||    49
Dodge: Dodged            |    47 |    96 |    59 ||   202

Table legend:
 A = Non-vault XP
 B = Vault XP
 C = Vault XP percentage of total XP
 D = Non-vault monster count
 E = Vault monster count
 F = Vault count percentage of total count
                 A         B        C        D         E       F
            +---------+---------+-------+---------+---------+-------
      Total |    1325 |    1006 |  43.2 |     105 |      12 |  10.3
            +---------+---------+-------+---------+---------+-------
        D:1 |      37 |       0 |   0.0 |      23 |       0 |   0.0
        D:2 |      67 |      11 |  14.1 |      16 |       6 |  27.3
        D:3 |     232 |       0 |   0.0 |      25 |       0 |   0.0
        D:4 |     339 |       0 |   0.0 |      21 |       0 |   0.0
        D:5 |     504 |     134 |  21.0 |      13 |       4 |  23.5
        D:6 |     146 |     861 |  85.5 |       7 |       2 |  22.2
            +---------+---------+-------+---------+---------+-------
